 Dungeon Crawl Stone Soup version 0.19.1 (webtiles) character file.

193 XO4YCPATb the Twirler (level 5, -4/38 HPs)
             Began as a Mummy Gladiator on Dec 6, 2016.
             Splashed by a jelly's acid (5 damage)
             ... on level 3 of the Dungeon.
             The game lasted 00:03:51 (2529 turns).

XO4YCPATb the Twirler (Mummy Gladiator)             Turns: 2529, Time: 00:03:52

Health: -4/38      AC:  7    Str: 19    XL:     5   Next: 44%
Magic:  5/5        EV: 12    Int:  7    God:
Gold:   119        SH:  0    Dex: 13    Spells: 0 memorised, 4 levels left

rFire  x . .     SeeInvis .     a - +0 quarterstaff
rCold  + . .     Gourm    .     b - +0 leather armour
rNeg   + + +     Faith    .     (shield currently unavailable)
rPois  ∞         Spirit   .     c - +0 helmet
rElec  .         Reflect  .     m - +0 cloak
rCorr  .         Harm     .     g - +1 pair of gloves
MR     .....                    (no boots)
Stlth  +.........               (no amulet)
                                (no ring)
                                (no ring)

@: no status effects
A: no food or potions, fire vulnerability, cold resistance 1, negative energy
resistance 3, torment resistance, unbreathing
a: no special abilities


You were on level 3 of the Dungeon.
You were not hungry.

You visited 1 branch of the dungeon, and saw 3 of its levels.

You collected 119 gold pieces.

Inventory:

Hand Weapons
 a - a +0 quarterstaff (weapon)
Missiles
 d - 3 throwing nets (quivered)
Armour
 b - a +0 leather armour (worn)
 c - a +0 helmet (worn)
 g - a +1 pair of gloves (worn)
 m - a +0 cloak (worn)
Jewellery
 l - a +4 ring of strength {unknown}
Scrolls
 e - 2 scrolls of teleportation {unknown}
 f - 7 scrolls of identify {unknown}
 h - a scroll of magic mapping {unknown}
 i - 2 scrolls of fog {unknown}
 j - a scroll of immolation {unknown}
 k - 2 scrolls of remove curse {unknown}


   Skills:
 - Level 2.0 Fighting
 + Level 5.1 Staves
 - Level 1.5 Throwing
 - Level 2.4 Dodging


You had 4 spell levels left.
You didn't know any spells.

Dungeon Overview and Level Annotations

Branches:
Dungeon (3/15)

Altars:
Ashenzari
Dithmenos
The Shining One


Innate Abilities, Weirdness & Mutations

You do not eat or drink.
Your flesh is vulnerable to fire.
You are immune to poison.
Your flesh is cold resistant. (rC+)
You are immune to negative energy. (rN+++)
You are immune to unholy pain and torment.
You can survive without breathing.


Message History

The orc is heavily wounded.
The orc hits you with a short sword!
* * * LOW HITPOINT WARNING * * *
You sock the orc!
You kill the orc!
You hit the jelly.
Your hands burn!
* * * LOW HITPOINT WARNING * * *
The jelly is moderately wounded.
The jelly hits you but does no damage.
You hit the jelly.
Your hands burn!
* * * LOW HITPOINT WARNING * * *
The jelly is moderately wounded.
The jelly closely misses you.
You hit the jelly but do no damage.
Your hands burn!
* * * LOW HITPOINT WARNING * * *
The jelly is moderately wounded.
The jelly hits you but does no damage.
You can't drink.
You hit the jelly.
Your hands burn!
You die...

#.##.###..##.##...#.#
#.##......##.#......# ####
#.##..###.##.##...#.# #...
#.##..###.##.###.##.####.##
#.........##.# #.##........
####.........# #.#######...
###.##########+## #...
#...)..J.# ##...## #...
##.######@###.....## #...
#...o## ####.......#####..
#.o...# #..........###..
#.o...## #..............!
##.....## #..........#####
#...)..# ##.........#...#
###.).## ##............#
##..## ##....####...# #...#
##+..#⌠.##+##


You could see a jelly.

Vanquished Creatures
  2 orc wizards (D:3)
  3 adders
  An ooze (D:2)
  A worm (D:2)
  3 dart slugs
  3 leopard geckos
  16 orcs (D:3)
  A ball python (D:2)
  8 bats
  2 giant cockroaches
  4 goblins
  9 hobgoblins
  6 jackals (D:2)
  6 frilled lizards
  5 kobolds
  7 rats
77 creatures vanquished.

Vanquished Creatures (others)
  An orc wizard (D:3)
1 creature vanquished.

Grand Total: 78 creatures vanquished

Notes
Turn   | Place    | Note
-------+----------+-------------------------------------------
     0 | D:1      | XO4YCPATb the Mummy Gladiator began the quest for the Orb.
     0 | D:1      | Reached XP level 1. HP: 16/16 MP: 1/1
   211 | D:1      | Reached XP level 2. HP: 22/22 MP: 2/2
   219 | D:1      | Reached skill level 3 in Staves
   646 | D:2      | Reached XP level 3. HP: 25/27 MP: 3/3
  1029 | D:2      | Reached skill level 4 in Staves
  1157 | D:2      | Reached XP level 4. HP: 23/33 MP: 4/4
  1464 | D:3      | Found a glowing golden altar of the Shining One.
  1547 | D:3      | Found a shadowy altar of Dithmenos.
  1684 | D:3      | Found a shattered altar of Ashenzari.
  2518 | D:3      | Reached XP level 5. HP: 20/38 MP: 5/5
  2520 | D:3      | Reached skill level 5 in Staves
  2525 | D:3      | HP: 1/38 [acid (2)]
  2529 | D:3      | Splashed by a jelly's acid

Skill      XL: |  1  2  3  4  5 |
---------------+----------------+-----
Staves         | 3 4 5 |  5.1
Fighting       | |  2.0
Throwing       | |  1.5
Dodging        | |  2.4

Action                   |  1- 3 |  4- 6 || total
-------------------------+-------+-------++-------
Melee: Quarterstaff      |   117 |   131 ||   248
Armor: Leather armour    |    56 |    38 ||    94
Dodge: Dodged            |   103 |    73 ||   176
